 Dungeon Crawl Stone Soup version 0.29-a0-1027-gcd8c55af63 (webtiles) character file.

Game seed: 13691754967101168731

65835 27heaven the Basher (level 14, -4/116 HPs)
             Began as a Demonspawn Berserker on Aug 13, 2022.
             Was an Elder of Trog.
             Slain by a two-headed ogre
             ... wielding a +0 giant club
              (14 damage)
             ... on level 1 of the Orcish Mines.
             The game lasted 00:43:18 (25493 turns).

27heaven the Basher (Demonspawn Berserker)         Turns: 25493, Time: 00:43:19

Health: -4/116     AC: 27    Str: 27    XL:     14   Next: 77%
Magic:  14/14      EV: 22    Int:  5    God:    Trog [****..]
Gold:   1225       SH:  5    Dex: 13    Spells: 13/13 levels left

rFire   + + .      SeeInvis +   f - +8 mace "Titrit" {flame, rPois rF++ rC- rN+++}
rCold   x . .      Faith    .   (no shield)
rNeg    + + +      Spirit   .   N - +5 robe of Night {Dark Will+ SInv}
rPois   +          Reflect  +   y - +0 hat
rElec   .          Harm     .   n - +0 cloak
rCorr   .          Rampage  ∞   L - +2 pair of gloves {Stlth+}
Will    ++...                   p - +3 pair of seven-league boots {Rampage+∞}
Stlth   ++........              B - amulet "Teann" {Reflect Contam Str+6 Int-5 SH+5 SInv}
HPRegen 0.29/turn               K - +4 ring of protection
MPRegen 0.14/turn               M - +4 ring of protection

@: mighty, agile, on berserk cooldown, flying, hasted and slowed
A: horns 2, powered by pain 2, sharp scales 2, demonic magic 2, wild magic 1
a: Renounce Religion, Berserk, Trog's Hand, Brothers in Arms


You were on level 1 of the Orcish Mines.
You worshipped Trog.
Trog was greatly pleased with you.
You visited 3 branches of the dungeon, and saw 18 of its levels.

You collected 2229 gold pieces.
You spent 1004 gold pieces at shops.

Inventory:

Hand Weapons
 f - the +8 mace "Titrit" (weapon) {flame, rPois rF++ rC- rN+++}
   (You found it on level 1 of the Lair of Beasts)

   It burns those it strikes, dealing additional fire damage.
   rF:        It greatly protects you from fire.
   rC:        It makes you vulnerable to cold.
   rPois:     It protects you from poison.
   rN:        It renders you almost immune to negative energy.
 R - a +0 demon whip of venom
Missiles
 i - a throwing net (quivered)
Armour
 n - a +0 cloak (worn)
 p - the +3 pair of seven-league boots (worn) {Rampage+∞}
   (You found it on level 4 of the Lair of Beasts)

   Its wearer moves as far as possible in that direction when moving towards
   enemies.
 y - a +0 hat (worn)
 L - a +2 pair of gloves of stealth (worn)
 N - the +5 robe of Night (worn) {Dark Will+ SInv}
   (You took it off a yaktaur on level 10 of the Dungeon)

   It shrouds the wearer in darkness, reducing the range at which they can see
   and be seen by others.
   SInv:      It lets you see invisible.
   Will:      It increases your willpower.
 O - a +0 plate armour
Jewellery
 x - a ring of flight
 B - the amulet "Teann" (around neck) {Reflect Contam Str+6 Int-5 SH+5 SInv}
   (You bought it in a shop on level 2 of the Orcish Mines)

   [amulet of reflection]

   It reflects blocked missile attacks.
   Str:       It affects your strength (+6).
   Int:       It affects your intelligence (-5).
   SInv:      It lets you see invisible.
   Contam:    It causes magical contamination when unequipped.
   SH:        It affects your SH (+5).
 D - a ring of willpower
 F - a ring of positive energy
 J - a +4 ring of evasion
 K - a +4 ring of protection (left hand)
 M - a +4 ring of protection (right hand)
 Q - an amulet of faith
Wands
 k - a wand of iceblast (12)
 o - a wand of digging (7)
 q - a wand of polymorph (3)
 C - a wand of paralysis (8)
 S - a wand of acid (6)
Scrolls
 a - 4 scrolls of magic mapping
 c - 3 scrolls of poison
 d - 5 scrolls of amnesia
 e - a scroll of fear
 h - 2 scrolls of enchant weapon
 m - 8 scrolls of teleportation
 r - a scroll of enchant armour
 s - a scroll of torment
 u - 5 scrolls of vulnerability
 w - 3 scrolls of immolation
 H - a scroll of silence
 U - a scroll of summoning
 W - 3 scrolls of butterflies
Potions
 b - 5 potions of might
 g - 9 potions of heal wounds
 j - 2 potions of resistance
 l - 8 potions of curing
 t - 2 potions of lignification
 v - 3 potions of haste
 z - 4 potions of attraction
 A - a potion of invisibility
 E - 3 potions of flight
 G - a potion of ambrosia
 T - a potion of mutation


   Skills:
 + Level 12.9 Fighting
 - Level 14.0 Maces & Flails
 + Level 11.7 Armour
 + Level 11.7 Dodging
 - Level 5.0 Evocations


You had 13 spell levels left.
You didn't know any spells.
Your spell library was empty.

Dungeon Overview and Level Annotations

Branches:
Dungeon (11/15)            Temple (0/1) D:7            Lair (5/5) D:11
  Swamp (0/4) Lair:2       Spider (0/4) Lair:3        Slime (0/5) Lair:4
    Orc (2/2) D:10            Elf (0/3) Orc:2

Altars:
Cheibriados
Fedhas
Hepliaklqana
Nemelex Xobeh
Xom
Jiyva
Lugonu

Shops:
D:4 (   D:11 [   Orc:2 *[![=[

Portals:
Abyss: Lair:5

Annotations:
D:5 2 transporters, paps's ghost, amateur TrGl
D:11 2 transporters
Orc:1 dricus's ghost, journeyman MiBe


Innate Abilities, Weirdness & Mutations

You have a pair of horns on your head.
You sometimes gain power by taking damage.
You are mostly covered in razor-sharp scales. (AC +2, Slay +2)
Spells you cast may paralyse nearby enemies.
Your spells are a little harder to cast, but a little more powerful.


Message History

* * * LOW HITPOINT WARNING * * *
The two-headed ogre completely misses you.
You climb upwards.
You feel sick.
There is a stone staircase leading down here.
You feel much better.
You feel sick. Dricus's ghost hits you!
* * * LOW HITPOINT WARNING * * *
You are more poisoned.
You block the two-headed ogre's attack. The two-headed ogre misses you.
Dricus's ghost completely misses you.
Unknown command.
As you read the scroll of fear, it crumbles to dust.
You assume a fearsome visage.
The two-headed ogre easily resists.
Dricus's ghost is unaffected.
You feel very sick. The two-headed ogre misses you.
The two-headed ogre hits you with a +0 giant club!
* * * LOW HITPOINT WARNING * * *
Dricus's ghost barely misses you.
Unknown command.
Blink to where?
Press: ? - help, Dir - move target
As you read the scroll of blinking, it crumbles to dust.
You feel very sick.
You feel very sick.
You feel sick.
You feel sick.
You feel yourself speed up.
You feel sick.
Dricus's ghost attacks as you move away!
Dricus's ghost hits you but does no damage.
You feel sick.
You are no longer poisoned.
Dricus's ghost attacks as you move away!
Dricus's ghost hits you.
* * * LOW HITPOINT WARNING * * *
The two-headed ogre attacks as you move away!
You block the two-headed ogre's attack. The two-headed ogre misses you.
You feel very buoyant.
You fly up into the air.
The two-headed ogre hits you with a +0 giant club!
You die...

.....................[.......####
...............##.#.)[......###.#
.#.##..........#...#......§.##...
.#######......###.###......##....
.# ##..........##.#......###....
.####.........###..............#.
###.............#.........[....##
##............#....##.......##
##.>.####.....@O..###........#
#.....# ####...W..# ####....###
##....####........###......##..
#......#............#......##..
##.......................#.##..
##............#..........#####.
#............####........# ##
##.#.#.....### ##.......# #
#####....## #....#### ###


You could see a two-headed ogre and dricus's ghost.

Vanquished Creatures
  An orc warlord (Orc:2)
  Snorg (Orc:1)
  4 boulder beetles
  An ogre mage (D:10)
  6 hydras
  3 two-headed ogres
  A catoblepas (Lair:5)
  Urug (Lair:1)
  2 thrashing horrors (Lair:5)
  2 orc high priests
  Amaemon (Lair:1)
  A fire crab (Lair:4)
  Pikel (D:5)
  The ghost of Asher535 the Covered, a novice MiFi of Makhleb (D:6)
  4 large abominations (Lair:5)
  An orc knight (Orc:2)
  A deep elf pyromancer (D:10)
  4 orc sorcerers (Orc:2)
  An ugly thing (D:10)
  2 cyclopes
  An elephant (Lair:1)
  4 black mambas
  3 torpor snails
  A guardian serpent (Lair:4)
  15 cane toads
  2 smoke demons (Lair:5)
  An orange demon (Lair:1)
  A yaktaur (D:10)
  13 komodo dragons
  A kobold demonologist (D:10)
  A rime drake (Lair:2)
  4 trolls
  A polar bear (Lair:3)
  2 ancient zymes (Lair:5)
  A meliai (Lair:3)
  A hornet (D:9)
  29 blink frogs
  A slime creature (shapeshifter) (Lair:5)
  A slime creature (Lair:4)
  6 dream sheep (Lair:3)
  A blink frog (shapeshifter) (Lair:5)
  3 shadows
  3 ynoxinuls (Lair:5)
  A spriggan (Lair:1)
  46 yaks
  9 wyverns
  2 wraiths
  A vampire (D:10)
  An unseen horror simulacrum (D:10)
  7 basilisks
  Eustachio (D:5)
  3 steam dragons (D:8)
  6 vampire mosquitoes
  3 acid dragons
  4 wargs
  15 water moccasins
  A swamp drake (D:10)
  24 orc warriors
  5 ice beasts
  2 black bears
  11 ogres
  4 centaurs
  20 wolves
  8 small abominations (Lair:5)
  2 kobold brigands
  2 phantoms
  10 bullfrogs
  2 necrophages
  4 scorpions
  3 wights (D:10)
  13 killer bees
  2 electric eels
  3 howler monkeys
  5 hounds
  22 orc priests
  6 jellies
  Crazy Yiuf (D:5)
  An iguana (D:5)
  27 orc wizards
  7 adders
  3 gnolls (D:6)
  A shadow imp (D:5)
  2 worms
  2 dart slugs (D:2)
  66 orcs
  5 ball pythons
  4 bats
  6 endoplasms
  5 giant cockroaches
  8 hobgoblins
  3 jackals (D:4)
  18 kobolds
  3 quokkas
  7 frilled lizards
  10 goblins
  7 rats
569 creatures vanquished.

Vanquished Creatures (others)
  An orc priest (Orc:2)
  2 orc wizards (Orc:2)
  26 fungi
  35 plants
64 creatures vanquished.

Grand Total: 633 creatures vanquished

Notes
Turn   | Place    | Note
-------+----------+-------------------------------------------
     0 | D:1      | 27heaven the Demonspawn Berserker began the quest for the
                  | Orb.
     0 | D:1      | Reached XP level 1. HP: 18/18 MP: 1/1
   155 | D:1      | Reached skill level 3 in Maces & Flails
   203 | D:1      | Gained mutation: Spells you cast may paralyse adjacent
                  | enemies. [demonic ancestry]
   203 | D:1      | Reached XP level 2. HP: 13/24 MP: 2/2
   917 | D:2      | Found a shimmering altar of Xom.
   924 | D:2      | Reached ** piety under Trog
   953 | D:2      | Reached XP level 3. HP: 26/29 MP: 3/3
  1111 | D:2      | Reached skill level 4 in Maces & Flails
  1459 | D:2      | Found a faded altar of an unknown god.
  1893 | D:3      | Found a sparkling altar of Nemelex Xobeh.
  2183 | D:3      | Found a hazy altar of Hepliaklqana.
  2414 | D:3      | Found a blossoming altar of Fedhas.
  3021 | D:4      | Reached XP level 4. HP: 25/35 MP: 4/4
  3138 | D:4      | Noticed an ogre
  3243 | D:4      | Found Mira's Weapon Shoppe.
  3270 | D:4      | Found a snail-covered altar of Cheibriados.
  3323 | D:4      | Noticed a phantom
  3340 | D:4      | Killed a phantom
  3341 | D:4      | Reached skill level 5 in Maces & Flails
  3341 | D:4      | Gained mutation: Spells you cast may paralyse nearby
                  | enemies. [demonic ancestry]
  3341 | D:4      | Reached XP level 5. HP: 15/41 MP: 5/5
  3389 | D:4      | Reached *** piety under Trog
  3442 | D:4      | Killed an ogre
  3443 | D:4      | Reached skill level 6 in Maces & Flails
  3468 | D:4      | Gained mutation: You are partially covered in razor-sharp
                  | scales. (AC +1, Slay +1) [demonic ancestry]
  3468 | D:4      | Reached XP level 6. HP: 9/47 MP: 6/6
  3991 | D:5      | Entered Level 5 of the Dungeon
  4286 | D:5      | Found a transporter.
  4290 | D:5      | Found a transporter.
  4290 | D:5      | Noticed paps's ghost (amateur TrGl)
  4291 | D:5      | Noticed a water moccasin
  4319 | D:5      | Reached skill level 7 in Maces & Flails
  4418 | D:5      | Reached XP level 7. HP: 30/52 MP: 7/7
  4693 | D:5      | Identified the +1 quarterstaff "Xoehom" {pain, rF+ MP+9
                  | Int+3}
  4717 | D:5      | Noticed Pikel
  4735 | D:5      | Killed Pikel
  4736 | D:5      | Reached skill level 9 in Maces & Flails
  4736 | D:5      | Gained mutation: You are mostly covered in razor-sharp
                  | scales. (AC +2, Slay +2) [demonic ancestry]
  4736 | D:5      | Reached XP level 8. HP: 58/58 MP: 8/8
  4815 | D:5      | Noticed Eustachio
  4842 | D:5      | Killed Eustachio
  5380 | D:5      | Found a runed translucent door.
  5381 | D:5      | Noticed Crazy Yiuf
  5418 | D:5      | Killed Crazy Yiuf
  5488 | D:6      | Found a transporter.
  5503 | D:6      | Noticed Asher535's ghost (novice MiFi)
  5504 | D:6      | Found a transporter.
  5624 | D:6      | Reached skill level 10 in Maces & Flails
  6400 | D:6      | Reached skill level 11 in Maces & Flails
  6548 | D:6      | Gained mutation: You have a pair of small horns on your
                  | head. [demonic ancestry]
  6548 | D:6      | Reached XP level 9. HP: 63/63 MP: 9/9
  7219 | D:7      | Found a staircase to the Ecumenical Temple.
  7472 | D:7      | Reached skill level 12 in Maces & Flails
  9305 | D:9      | Noticed a komodo dragon
  9311 | D:9      | Killed a komodo dragon
  9312 | D:9      | Gained mutation: You sometimes gain a little power by
                  | taking damage. [demonic ancestry]
  9312 | D:9      | Reached XP level 10. HP: 73/73 MP: 10/10
  9515 | D:9      | Reached skill level 5 in Fighting
 10340 | D:10     | Entered Level 10 of the Dungeon
 10498 | D:10     | Reached skill level 5 in Dodging
 10516 | D:10     | Reached skill level 5 in Armour
 10892 | D:10     | Noticed a two-headed ogre
 10898 | D:10     | Killed a two-headed ogre
 11336 | D:10     | Gained mutation: You have a pair of horns on your head.
                  | [demonic ancestry]
 11336 | D:10     | Reached XP level 11. HP: 23/84 MP: 11/11
 11637 | D:10     | Noticed an ogre mage
 11643 | D:10     | Noticed a red ugly thing
 11652 | D:10     | Killed a red ugly thing
 11655 | D:10     | Noticed a boulder beetle
 11959 | D:10     | Noticed a deep elf pyromancer
 11964 | D:10     | Killed a deep elf pyromancer
 11973 | D:10     | Killed a boulder beetle
 12024 | D:10     | Killed an ogre mage
 12488 | D:10     | Found a staircase to the Orcish Mines.
 13277 | D:6      | Killed Asher535's ghost
 13670 | D:11     | Found a transporter.
 13672 | D:11     | Reached **** piety under Trog
 13752 | D:11     | Noticed a large abomination
 13756 | D:11     | Noticed a harpy
 13793 | D:11     | Noticed a two-headed ogre
 13800 | D:11     | Killed a two-headed ogre
 13813 | D:11     | Found a staircase to the Lair.
 14192 | D:11     | Found Qokiusmu's Armour Shop.
 14391 | D:11     | Found a transporter.
 14392 | D:11     | Noticed a brown ugly thing
 14392 | D:11     | Noticed a purple ugly thing
 14392 | D:11     | Noticed a brown very ugly thing
 14392 | D:11     | Noticed a green ugly thing
 15140 | Lair:1   | Entered Level 1 of the Lair of Beasts
 15142 | Lair:1   | Identified the +8 mace "Titrit" {flame, rPois rF++ rC-
                  | rN+++}
 15266 | Lair:1   | Reached XP level 12. HP: 91/95 MP: 12/12
 15985 | Lair:1   | Noticed Urug
 15991 | Lair:1   | Killed Urug
 15992 | Lair:1   | Reached skill level 13 in Maces & Flails
 16040 | Lair:1   | Noticed Amaemon
 16043 | Lair:1   | Noticed a boulder beetle
 16051 | Lair:1   | Killed Amaemon
 16057 | Lair:1   | Killed a boulder beetle
 16966 | Lair:2   | Found a staircase to the Swamp.
 17006 | Lair:2   | Reached skill level 14 in Maces & Flails
 17006 | Lair:2   | Identified the +3 shortbow "Syrac" {venom, rCorr Int+4
                  | Stlth-}
 17078 | Lair:2   | Reached skill level 1 in Evocations
 17683 | Lair:3   | Reached ***** piety under Trog
 18160 | Lair:3   | Reached XP level 13. HP: 93/103 MP: 13/13
 18274 | Lair:3   | Reached skill level 10 in Fighting
 18604 | Lair:3   | Received a gift from Trog
 19061 | Lair:3   | Found a hole to the Spider Nest.
 19724 | Lair:4   | Found a viscous altar of Jiyva.
 19724 | Lair:4   | Found a staircase to the Slime Pits.
 20136 | Lair:4   | Reached skill level 5 in Evocations
 20178 | Lair:4   | Found the +3 pair of seven-league boots {Rampage+∞}
 20529 | Lair:5   | Entered Level 5 of the Lair of Beasts
 20588 | Lair:5   | Reached skill level 10 in Dodging
 20761 | Lair:5   | Reached skill level 10 in Armour
 21021 | Lair:5   | Received a gift from Trog
 21066 | Lair:5   | Gained mutation: You sometimes gain power by taking damage.
                  | [demonic ancestry]
 21066 | Lair:5   | Reached XP level 14. HP: 84/113 MP: 14/14
 22948 | Lair:5   | Found a corrupted altar of Lugonu.
 22948 | Lair:5   | Found a one-way gate to the infinite horrors of the Abyss.
 23385 | Orc:1    | Entered Level 1 of the Orcish Mines
 23449 | Orc:1    | Received a gift from Trog
 23701 | Orc:1    | Noticed Snorg
 23711 | Orc:1    | Killed Snorg
 24190 | Orc:2    | Entered Level 2 of the Orcish Mines
 24190 | Orc:2    | Found a runed translucent gate.
 24190 | Orc:2    | Found a runed translucent gate.
 24191 | Orc:2    | Found a runed translucent gate.
 24197 | Orc:2    | Noticed dricus's ghost (journeyman MiBe)
 24394 | Orc:2    | Reached ****** piety under Trog
 24404 | Orc:2    | Received a gift from Trog
 24423 | Orc:2    | Found Vekkoud's Antique Armour Emporium.
 24437 | Orc:2    | Found Qaevuh's Antique Armour Shoppe.
 24438 | Orc:2    | Found Eppiss's Distillery.
 24439 | Orc:2    | Found Cieditedu's Assorted Antiques.
 24450 | Orc:2    | Bought a hat for 128 gold pieces
 24488 | Orc:2    | Bought a scroll of identify for 62 gold pieces
 24490 | Orc:2    | Bought a potion of mutation for 136 gold pieces
 24490 | Orc:2    | Gained mutation: Your spells are a little harder to cast,
                  | but a little more powerful. [potion of mutation]
 24575 | Orc:2    | Noticed an orc warlord
 24582 | Orc:2    | Killed an orc warlord
 24892 | Orc:2    | Found Cuimyh's Antique Armour Boutique.
 24893 | Orc:2    | Found a staircase to the Elven Halls.
 24896 | Orc:2    | Found Mati's Jewellery Emporium.
 24902 | Orc:2    | Bought the amulet "Teann" {Reflect Contam Str+6 Int-5 SH+5
                  | SInv} for 678 gold pieces
 25493 | Orc:1    | Slain by a two-headed ogre

Illustrated notes

Levels and vault maps discovered:
D:1:      dreamdust_arrival_beginning_and_end, layout_basic
D:2:      layout_loops_ring, shapermc_ecumenical_altar_venn, basic_altar
D:3:      layout_basic, mainiacjoe_overflow_catwalk_spiral,
          nicolae_overflow_hidden_temple
D:4:      layout_loops_cross, slow_altar_1, serial_shops,
          nicolae_shop_bloodbath_and_beyond
D:5:      layout_basic, gammafunk_ghost_arena, uniq_eustachio, uniq_pikel,
          uniq_crazy_yiuf_cottage
D:6:      layout_cave_pools, gammafunk_ghost_arena,
          chequers_serial_rivers_micro_b
D:7:      layout_cave_pools, minmay_temple_entry_proselytizer, minivault_19,
          dk_noncrumbling_2, grunt_ministairs_1, minmay_fountain_box
D:8:      layout_basic
D:9:      layout_loops_cross
D:10:     minmay_the_grid_triangle_9x9_rhombus_thin
          [minmay_the_grid_triangle_9x9_corrupted_corridor,
          minmay_the_grid_triangle_9x9_prize_schism,
          minmay_the_grid_triangle_9x9_skeleton,
          minmay_the_grid_triangle_9x9_zippers_vertical], layout_loops_ring,
          erik_orc_1, st_stairs_4, nrook_pool_corridor
D:11:     gammafunk_corrupted_shrine, layout_long_grid, serial_shops,
          kennysheep_little_box
Lair:1:   layout_cave_pods, grunt_forest_large_clearing_hut, uniq_urug,
          uniq_amaemon
Lair:2:   layout_misc_corridors, swamp_mist, serial_bayou_shore_b
Lair:3:   layout_small_grid, hellmonk_spider_entry_not_the_bees,
          serial_bayou_shore_a
Lair:4:   layout_small_grid, minmay_slime_entry_pillars,
          hellmonk_guarded_unrand_seven_league_boots
Lair:5:   hellmonk_lair_end_abyssal_woods, layout_cave_pods, lookout_lair_type,
          chequers_serial_rivers_micro_e, grunt_megastairs_3,
          serial_bayou_shore_b, infiniplex_staircase_pool
Orc:1:    layout_diamond_mine, nicolae_orc_tapped_out, uniq_snorg
Orc:2:    st_orc_mages, layout_caves, serial_shops,
          nicolae_shop_overgrown_old_shop, gammafunk_ghost_split,
          nicolae_orc_damp_corner, minmay_shop_enchanted_jewellery,
          nicolae_orc_bridge_out

Skill      XL: |  1  2  3  4  5  6  7  8  9 10 11 12 13 14 |
---------------+-------------------------------------------+-----
Maces & Flails | 3 4 5 6 7 9 11 12 14 | 14.0
Armour         | 3 6 8 10 11 | 11.7
Dodging        | 3 6 8 10 11 | 11.7
Fighting       | 4 7 9 11 12 | 12.9
Evocations     | 3 5 |  5.0

Action                   |  1- 3 |  4- 6 |  7- 9 | 10-12 | 13-15 || total
-------------------------+-------+-------+-------+-------+-------++-------
Melee: Mace              |   181 |   125 |   206 |   567 |   841 ||  1920
       Punch             |       |       |     8 |     7 |    14 ||    29
       Whip              |       |       |    94 |       |       ||    94
       Headbutt          |       |       |    34 |   145 |   189 ||   368
Invok: Berserk           |       |     2 |     6 |    20 |    10 ||    38
       Trog's Hand       |       |     2 |     1 |     4 |     3 ||    10
  Use: Potion            |       |     1 |       |       |     4 ||     5
       Scroll            |       |       |       |    21 |     6 ||    27
 Stab: Sleeping          |       |       |       |     8 |     4 ||    12
Armor: Animal skin       |    12 |       |       |       |       ||    12
       Ring mail         |    30 |       |       |       |       ||    30
       Scale mail        |     6 |    59 |    19 |       |       ||    84
       Chain mail        |       |       |   122 |    89 |       ||   211
       Robe              |       |       |       |   133 |   375 ||   508
Dodge: Dodged            |   102 |    70 |   110 |   315 |   606 ||  1203
Block: Other             |       |       |       |       |     5 ||     5

Table legend: (Time is in decaauts)
 A = Elapsed time spent in this place.
 B = Non-inter-level travel time spent in this place.
 C = Inter-level travel time spent in this place.
 D = Time resting spent in this place.
 E = Time spent auto-exploring this place.
 F = Levels seen in this place.
 G = Mean time per level.
                   A        B        C        D        E       F      G
               +--------+--------+--------+--------+--------+-----+--------+
         Total |  25503 |  24212 |   1291 |   1568 |  17370 |  18 | 1416.8 |
       Dungeon |  15342 |  14284 |   1058 |   1013 |   9825 |  11 | 1394.7 |
          Lair |   8115 |   7883 |    232 |    293 |   6370 |   5 | 1623.0 |
  Orcish Mines |   2045 |   2045 |      0 |    261 |   1174 |   2 | 1022.5 |
               +--------+--------+--------+--------+--------+-----+--------+

Top non-repeatable levels by time:
    D:10: 2876 daAuts
  Lair:5: 2489 daAuts
  Lair:3: 1893 daAuts
  Lair:1: 1785 daAuts
     D:6: 1680 daAuts
     D:5: 1564 daAuts
     D:9: 1487 daAuts
     D:8: 1414 daAuts
    D:11: 1274 daAuts
     D:3: 1255 daAuts
   Orc:2: 1204 daAuts
  Lair:4: 1112 daAuts
     D:4: 1022 daAuts
     D:1: 985 daAuts
     D:2: 962 daAuts
